 Dungeon Crawl Stone Soup version 0.18-a0-1180-g64ccc1e (webtiles) character file.

12 ololoev the Firebug (level 2, 0/15 HPs)
             Began as a Deep Elf Fire Elementalist on Jan 27, 2016.
             Slain by a wight
             ... wielding a +2 halberd
              (4 damage)
             ... on level 4 of the Dungeon.
             The game lasted 00:02:13 (294 turns).

ololoev the Firebug (Deep Elf Fire Elementalist)     Turns: 294, Time: 00:02:13

Health: 0/15       AC:  2    Str:  5    XL:     2   Next: 20%
Magic:  2/8        EV: 13    Int: 19    God:
Gold:   52         SH:  0    Dex: 15    Spells: 1 memorised, 6 levels left

rFire  . . .     SeeInvis .     a - staff of death
rCold  . . .     Gourm    .     f - +0 robe
rNeg   + . .     Faith    .     (no shield)
rPois  .         Spirit   .     (no helmet)
rElec  .         Dismiss  .     (no cloak)
rCorr  .         Reflect  .     (no gloves)
SustAt .         Harm     .     (no boots)
MR     .....                    (no amulet)
Stlth  ++........               (no ring)
                                (no ring)

@: not resistant to hostile enchantments, unstealthy
A: no striking features
a: no special abilities

Inventory:

Armour
 f - a +0 robe (worn)
Magical Staves
 a - an uncursed staff of death (weapon)
Scrolls
 d - a scroll of enchant armour {unknown}
 h - a scroll of immolation {unknown}
 j - a scroll of fear {unknown}
Potions
 e - a potion of magic {unknown}
Books
 b - a book of Flames

   Spells                             Type                      Level
   a - Flame Tongue                   Conjuration/Fire             1
   b - Throw Flame                    Conjuration/Fire             2
   c - Conjure Flame                  Conjuration/Fire             3
   d - Inner Flame                    Hexes/Fire                   3
   e - Sticky Flame                   Conjuration/Fire             4
   f - Fireball                       Conjuration/Fire             5
Comestibles
 c - a bread ration
 g - 3 chunks of flesh
 i - 2 slices of pizza


   Skills:
 - Level 2.4 Dodging
 - Level 2.4 Stealth
 + Level 3.1 Spellcasting
 * Level 2.1 Conjurations
 + Level 3.4 Fire Magic


You had 6 spell levels left.
You knew the following spells:

 Your Spells              Type           Power        Failure   Level  Hunger
a - Flame Tongue          Conj/Fire      ##...        6%          1    None


You were on level 4 of the Dungeon.
You were not hungry.

You visited 1 branch of the dungeon, and saw 4 of its levels.

You collected 52 gold pieces.

...... ......
......
#.....#
.....(#
##z.....#
#.......#
#@.......
#............
##...........
##..........
#..........
#...####...
#..## ##. ...

Notes
Turn   | Place    | Note
--------------------------------------------------------------
     0 | D:1      | ololoev the Deep Elf Fire Elementalist began the quest for the Orb.
     0 | D:1      | Reached XP level 1. HP: 10/10 MP: 6/6
   167 | D:2      | Reached XP level 2. HP: 15/15 MP: 2/8
   285 | D:4      | Noticed a wight
   294 | D:4      | Slain by a wight

Dungeon Overview and Level Annotations

Branches:
Dungeon (4/15)
 Temple: D:4-7

Altars:


Message History

Aim: a wight, wielding an enchanted halberd and wearing a robe The flame tongue hits the wight.
The wight is moderately damaged.
Casting: Flame Tongue
Confirm with . or Enter, or press ? or * to list all spells.
Aiming: Flame Tongue
Press: ? - help, Shift-Dir - straight line, f/p - wight
Aim: a wight, wielding an enchanted halberd and wearing a robe (moderately damaged)
The flame tongue hits the wight.
The wight is heavily damaged.
Casting: Flame Tongue
Confirm with . or Enter, or press ? or * to list all spells.
Aiming: Flame Tongue
Press: ? - help, Shift-Dir - straight line, f/p - wight
Aim: a wight, wielding an enchanted halberd and wearing a robe (heavily damaged)
The flame tongue misses the wight.
The wight closely misses you.
Casting: Flame Tongue
Confirm with . or Enter, or press ? or * to list all spells.
Aiming: Flame Tongue
Press: ? - help, Shift-Dir - straight line, f/p - wight
Aim: a wight, wielding an enchanted halberd and wearing a robe (heavily damaged)
The flame tongue hits the wight.
The wight appears unharmed.
The wight is heavily damaged.
The wight hits you from afar with an enchanted halberd!
Ouch! That really hurt!
Casting: Flame Tongue
Confirm with . or Enter, or press ? or * to list all spells.
Aiming: Flame Tongue
Press: ? - help, Shift-Dir - straight line, f/p - wight
Aim: a wight, wielding an enchanted halberd and wearing a robe (heavily damaged)
The flame tongue misses the wight.
The wight hits you but does no damage.
Casting: Flame Tongue
Confirm with . or Enter, or press ? or * to list all spells.
Aiming: Flame Tongue
Press: ? - help, Shift-Dir - straight line, f/p - wight
Aim: a wight, wielding an enchanted halberd and wearing a robe (heavily damaged)
The flame tongue hits the wight.
The wight is severely damaged.
The wight hits you from afar with an enchanted halberd.
You die...

You could see a wight.

Vanquished Creatures
  2 worms (D:2)
  A goblin (D:2)
  2 hobgoblins (D:2)
  A bat (D:2)
  A giant newt (D:2)
7 creatures vanquished.

Action                   || total
-------------------------++-------
Melee: Whip              ||    10
 Cast: Flame Tongue      ||    21

Vault maps used:
D:1:      dpeg_arrival_stone_temple_mockup, minmay_misc_feat_alley
D:2:      hangedman_decor_riveting
D:3:      kennysheep_ying_yang
D:4:      lemuel_round_altar, first_bread
